 Dungeon Crawl Stone Soup version 0.25.1-2-g60ff931df9 (webtiles) character file.

Game seed: 18162925148111569966

14926 sankara the Grappler (level 11, -4/99 HPs)
             Began as a Minotaur Transmuter on Sept 9, 2020.
             Was an Elder of Okawaru.
             Slain by a white ugly thing (28 damage)
             ... on level 11 of the Dungeon.
             The game lasted 00:48:19 (15205 turns).

sankara the Grappler (Minotaur Transmuter)         Turns: 15205, Time: 00:48:20

Health: -4/99      AC:  6    Str: 15    XL:     11   Next: 95%
Magic:  17/17      EV: 28    Int: 12    God:    Okawaru [****..]
Gold:   561        SH:  5    Dex: 17    Spells: 6/20 levels left

rFire    . . .     SeeInvis .     - Unarmed
rCold    . . .     Gourm    .   (shield currently unavailable)
rNeg     . . .     Faith    .   (armour currently unavailable)
rPois    .         Spirit   .   (helmet currently unavailable)
rElec    .         Reflect  +   (cloak currently unavailable)
rCorr    .         Harm     .   (gloves currently unavailable)
MR       .....                  (boots currently unavailable)
Stlth    ++........             t - amulet of reflection
HPRegen  0.26/turn              X - ring of poison resistance
MPRegen  0.15/turn              r - +4 ring of protection

@: spider-form (expiring)
A: tiny, (retaliatory headbutt)
a: End Transformation, Heroism, Renounce Religion


You were on level 11 of the Dungeon.
You worshipped Okawaru.
Okawaru was greatly pleased with you.
You were hungry.
You were a venomous arachnid creature.
You visited 2 branches of the dungeon, and saw 12 of its levels.

You collected 1135 gold pieces.
You spent 574 gold pieces at shops.

Inventory:

Hand Weapons
 Q - a +0 hunting sling
Missiles
 a - 252 arrows
 l - a throwing net
 p - 349 stones (quivered)
 s - 56 sling bullets
 H - 32 poisoned darts
 N - 10 boomerangs
 T - 16 curare-tipped darts
Armour
 c - a +2 hat (melded)
 k - a cursed +0 pair of gloves (melded)
 L - a +0 pair of boots
 U - the +2 robe "Imicesi" {rCorr Str+4 Dex-4}
   (You found it on level 9 of the Dungeon)

   It affects your strength (+4).
   It affects your dexterity (-4).
   It provides partial protection from all sources of acid and corrosion.
 V - +2 steam dragon scales (melded)
 Z - the +1 scale mail of the Journeyman {-Tele Int+7}
   (You found it on level 11 of the Dungeon)

   It affects your intelligence (+7).
   It prevents most forms of teleportation.
Magical Staves
 e - an uncursed staff of summoning
Jewellery
 o - an uncursed ring of protection from cold
 r - a +4 ring of protection (right front leg)
 t - an amulet of reflection (around neck)
 A - an uncursed amulet of the acrobat
 S - an uncursed ring of positive energy
 X - a ring of poison resistance (left front leg)
Wands
 C - a wand of disintegration (28)
 G - a wand of random effects (10)
 M - a wand of polymorph (9)
Scrolls
 f - a scroll of acquirement {unknown}
 i - 4 scrolls of enchant weapon {unknown}
 j - a scroll of identify
 m - 6 scrolls of teleportation
 u - 3 scrolls of immolation {unknown}
 y - 8 scrolls of remove curse
 B - 5 scrolls of magic mapping
 F - 2 scrolls of fear
 I - 3 scrolls of blinking
 J - 3 scrolls of amnesia {unknown}
 P - a scroll of brand weapon {unknown}
 R - 2 scrolls of fog {unknown}
Potions
 b - a potion of mutation {unknown}
 g - 2 potions of flight
 h - a potion of haste
 q - 7 potions of curing
 v - a potion of stabbing
 w - a potion of resistance
 x - a potion of berserk rage
 z - 3 potions of lignification
 D - 2 potions of magic
 E - 2 potions of might
 K - 2 potions of heal wounds
 O - a potion of cancellation
 Y - a potion of ambrosia
Comestibles
 d - 32 rations


   Skills:
 + Level 9.7 Fighting
 + Level 4.2 Armour
 + Level 9.1 Dodging
 * Level 12.1 Unarmed Combat
 - Level 5.0 Spellcasting
 + Level 7.0 Transmutations
 - Level 2.0 Poison Magic


You had 6 spell levels left.
You knew the following spells:

 Your Spells              Type           Power        Failure   Level  Hunger
a - Beastly Appendage     Tmut           ###...       5%          1    None
b - Sticks to Snakes      Tmut           ###.....     7%          2    ##.....
c - Spider Form           Tmut/Pois      ##........   24%         3    ###....
d - Apportation           Tloc           #.....       41%         1    None
e - Blink                 Tloc           N/A          52%         2    ##.....
f - Blade Hands           Tmut           ###.......   52%         5    ######.

Your spell library contained the following spells:

 Spells                   Type           Power        Failure   Level  Hunger
 Animate Skeleton         Necr           N/A          41%         1    None
 Corona                   Hex            #......      41%         1    None
 Magic Dart               Conj           #...         41%         1    None
 Summon Small Mammal      Summ           #...         41%         1    None
 Call Imp                 Summ           #.......     52%         2    ##.....
 Slow                     Hex            #.......     52%         2    ##.....
 Mephitic Cloud           Conj/Pois/Air  #.......     65%         3    ###....
 Ice Form                 Ice/Tmut       ##......     65%         4    ####...
 Conjure Flame            Conj/Fire      #.......     73%         3    ###....
 Inner Flame              Hex/Fire       #.......     73%         3    ###....
 Portal Projectile        Hex/Tloc       #.....       73%         3    ###....
 Cause Fear               Hex            #.........   97%         4    ####...
 Leda's Liquefaction      Hex/Erth       #.........   97%         4    ####...


Dungeon Overview and Level Annotations

Branches:
Dungeon (11/15)            Temple (1/1) D:7            Lair (0/6) D:11
    Orc: D:9-12

Altars:
Ashenzari
Cheibriados
Dithmenos
Elyvilon
Fedhas
Gozag
Hepliaklqana
Kikubaaqudgha
Makhleb
Nemelex Xobeh
Okawaru
Qazlal
Ru
Sif Muna
Trog
Uskayaw
Vehumet
Wu Jian
Xom
Yredelemnul
Zin
The Shining One
Beogh

Shops:
D:4 !%(%[   D:5 (}*??   D:8 :*   D:10 =

Annotations:
D:3 2 runed translucent doors, zergursh's ghost, amateur MiBe
D:11 Mimor's ghost, journeyman GnWn


Innate Abilities, Weirdness & Mutations

((You reflexively headbutt those who attack you in melee.))
((You have a pair of horns on your head.))


Message History

The white ugly thing is lightly wounded.
A komodo dragon comes into view.
The white ugly thing gores you! The white ugly thing freezes you!!
The komodo dragon hisses angrily.
You hit the white ugly thing.
The white ugly thing looks as sick as possible!
The white ugly thing is moderately wounded.
You hit the white ugly thing.
The white ugly thing looks as sick as possible!
The white ugly thing is heavily wounded.
The white ugly thing gores you. The white ugly thing freezes you!!
The white ugly thing completely misses you.
Your transformation is almost over.
You are feeling hungry.
You closely miss the white ugly thing.
The white ugly thing is severely wounded.
The white ugly thing gores you!
* * * LOW HITPOINT WARNING * * *
The white ugly thing freezes you!!
You die...

....#...........####.............
..###......##....##........##....
...##....##.#....#.........#.....
...#..........##........[..###...
>...#.......................#...#
.#..#.......................#....
###.........................#....
##...........l..............#....
............##.us.............##.
..###...###.#..##................
..##...PP##.....#................
..#.....PP#.##..................#
..#...PPPP#....###..##.[.........
......PPPP#....###..####..<......
.........P#........## ##..#.##...
.....PP.P.#..........##..#######.
..........# .##..#....### #..


You could see a white ugly thing (very poisoned) and a komodo dragon.

Vanquished Creatures
  Erica (D:8)
  3 two-headed ogres
  Sonja (D:10)
  An unseen horror (D:10)
  An ugly thing (D:8)
  Joseph (D:8)
  Maggie (D:9)
  A kobold demonologist (D:11)
  A troll (D:5)
  A queen bee (D:10)
  A slime creature (D:5)
  A hornet (D:11)
  A hippogriff (D:6)
  Sigmund (D:4)
  6 yaks (D:9)
  A spriggan (D:7)
  Eustachio (D:5)
  Grum (D:8)
  2 hungry ghosts
  A soldier ant (D:11)
  A water moccasin (D:9)
  3 orc warriors
  4 phantoms
  4 ice beasts
  6 sky beasts
  A black bear (D:8)
  An eye of draining (D:8)
  5 ogres
  3 wolves (D:8)
  7 centaurs
  3 big kobolds
  4 bullfrogs
  A water moccasin skeleton (D:11)
  23 killer bees (D:10)
  5 scorpions
  6 howler monkeys
  5 electric eels (D:8)
  3 centaur zombies
  8 crimson imps
  An iron imp (D:9)
  7 jellies
  6 hounds
  4 orc priests
  6 orc wizards
  2 centaur skeletons
  6 iguanas
  Natasha (D:3)
  10 worker ants
  A killer bee zombie (D:8)
  2 hound skeletons
  A worker ant zombie (D:11)
  4 gnolls
  10 adders
  A shadow imp (D:9)
  6 oozes
  3 adder zombies
  An adder skeleton (D:5)
  4 worms
  2 dart slugs (D:4)
  7 leopard geckos
  23 orcs
  3 bats
  5 giant cockroaches
  6 goblins
  2 hobgoblins
  9 jackals
  4 quokkas
  2 ball pythons
  4 frilled lizards
  2 gnoll zombies (D:4)
  2 jackal skeletons
  A jackal zombie (D:7)
  15 kobolds
  2 leopard gecko skeletons
  A leopard gecko zombie (D:7)
  2 quokka skeletons
  2 quokka zombies
  9 rats
300 creatures vanquished.

Vanquished Creatures (collateral kills)
  A gnoll (D:2)
1 creature vanquished.

Vanquished Creatures (others)
  An orc warrior (D:7)
  An orc wizard (D:7)
  4 orcs (D:7)
  A fungus (D:5)
  16 plants (D:11)
  9 toadstools (D:5)
32 creatures vanquished.

Grand Total: 333 creatures vanquished

Notes
Turn   | Place    | Note
-------+----------+-------------------------------------------
     0 | D:1      | sankara the Minotaur Transmuter began the quest for the
                  | Orb.
     0 | D:1      | Reached XP level 1. HP: 16/16 MP: 1/1
   330 | D:1      | Reached XP level 2. HP: 23/23 MP: 0/3
   821 | D:2      | Learned a level 2 spell: Sticks to Snakes
   876 | D:2      | You fall into a shaft and drop 2 floors!
   952 | D:3      | Found a runed translucent door.
   952 | D:3      | Noticed a bullfrog
   952 | D:3      | Noticed zergursh's ghost (amateur MiBe)
   979 | D:3      | Reached XP level 3. HP: 26/29 MP: 2/4
   988 | D:3      | Found a runed translucent door.
  1244 | D:2      | Reached skill level 4 in Unarmed Combat
  1603 | D:2      | You fall into a shaft and drop 1 floor!
  1864 | D:2      | Reached XP level 4. HP: 36/36 MP: 3/5
  2194 | D:2      | Found a glowing golden altar of the Shining One.
  2269 | D:3      | Learned a level 3 spell: Spider Form
  2712 | D:3      | Noticed Natasha
  2716 | D:3      | Killed Natasha
  2868 | D:3      | Reached XP level 5. HP: 32/42 MP: 2/6
  3043 | D:3      | Found a shattered altar of Ashenzari.
  3371 | D:4      | Noticed Sigmund
  3389 | D:4      | Killed Sigmund
  3389 | D:4      | Reached skill level 5 in Unarmed Combat
  3389 | D:4      | Reached skill level 1 in Poison Magic
  3389 | D:4      | Reached XP level 6. HP: 51/51 MP: 3/8
  3474 | D:4      | Found Siotsoeg's Food Shop.
  3482 | D:4      | Found Pohul's Distillery.
  3490 | D:4      | Bought a potion of curing for 42 gold pieces
  3490 | D:4      | Bought a potion of berserk rage for 70 gold pieces
  3490 | D:4      | Bought a potion of degeneration for 14 gold pieces
  3490 | D:4      | Bought a potion of lignification for 42 gold pieces
  3519 | D:4      | Found a white marble altar of Elyvilon.
  3928 | D:4      | Reached XP level 7. HP: 43/57 MP: 5/9
  4280 | D:4      | Found Budoiz's Food Boutique.
  4308 | D:4      | Found Ugruo's Armour Boutique.
  4394 | D:4      | Found Vurcheb's Antique Weapon Shoppe.
  4401 | D:4      | Reached skill level 6 in Unarmed Combat
  4572 | D:4      | Found a basalt altar of Yredelemnul.
  4603 | D:5      | Entered Level 5 of the Dungeon
  4897 | D:5      | Found Zyrrin's Gadget Boutique.
  4959 | D:5      | Reached XP level 8. HP: 67/67 MP: 7/11
  5088 | D:5      | Found Ynijuiv's Magic Scroll Shop.
  5096 | D:5      | Bought a scroll of fear for 49 gold pieces
  5096 | D:5      | Bought a scroll of teleportation for 42 gold pieces
  5096 | D:5      | Bought a scroll of remove curse for 42 gold pieces
  5107 | D:5      | Found Qoxkuera's Magic Scroll Shop.
  5111 | D:5      | Bought a scroll of blinking for 105 gold pieces
  5111 | D:5      | Bought a scroll of noise for 14 gold pieces
  5111 | D:5      | Bought a scroll of enchant armour for 105 gold pieces
  5111 | D:5      | Bought a scroll of magic mapping for 49 gold pieces
  5129 | D:5      | Found Hican's Assorted Antiques.
  5510 | D:5      | Noticed Eustachio
  5520 | D:5      | Killed Eustachio
  5520 | D:5      | Reached skill level 7 in Unarmed Combat
  5623 | D:5      | Found a bloodstained altar of Trog.
  5628 | D:5      | Reached skill level 5 in Fighting
  5918 | D:5      | Found Bofroluw's Weapon Shop.
  6016 | D:5      | Reached skill level 5 in Dodging
  6091 | D:5      | Noticed a slime creature
  6101 | D:5      | Killed a slime creature
  6110 | D:5      | Reached skill level 8 in Unarmed Combat
  6479 | D:6      | Reached XP level 9. HP: 73/75 MP: 9/12
  6483 | D:6      | Noticed a troll
  6504 | D:5      | Killed a troll
  6783 | D:6      | Reached skill level 9 in Unarmed Combat
  7289 | D:6      | Reached skill level 5 in Transmutations
  7666 | D:7      | Learned a level 1 spell: Apportation
  8592 | D:7      | Reached XP level 10. HP: 86/86 MP: 10/13
  8614 | D:7      | Reached skill level 10 in Unarmed Combat
  8754 | D:7      | Found a staircase to the Ecumenical Temple.
  8763 | Temple   | Entered the Ecumenical Temple
  8918 | Temple   | Became a worshipper of Ru the Awakened
  9046 | D:8      | Noticed Erica
  9062 | D:8      | Killed Erica
  9074 | D:8      | Noticed Joseph
  9374 | D:8      | Killed Joseph
  9748 | D:8      | Found a hide-covered altar of Uskayaw.
  9894 | D:8      | Learned a level 2 spell: Blink
  9900 | D:8      | Learned a level 5 spell: Blade Hands
  9947 | D:8      | Noticed a cyan ugly thing
  9989 | D:8      | Killed a cyan ugly thing
 10011 | D:8      | Noticed Grum
 10032 | D:8      | Killed Grum
 10122 | D:8      | Found Jidaj's General Store.
 10163 | D:8      | Found a sparkling altar of Nemelex Xobeh.
 10498 | D:8      | Found a burning altar of Makhleb.
 10498 | D:8      | Found an iron altar of Okawaru.
 10504 | D:8      | Fell from the grace of Ru
 10504 | D:8      | Became a worshipper of Warmaster Okawaru
 10522 | D:8      | Found Fifut's Book Shoppe.
 11291 | D:8      | Found a shimmering blue altar of Sif Muna.
 11403 | D:9      | Got an opalescent robe
 11404 | D:9      | Identified the +2 robe "Imicesi" {rCorr Str+4 Dex-4} (You
                  | found it on level 9 of the Dungeon)
 11846 | D:9      | Noticed Maggie
 11858 | D:9      | Killed Maggie
 12135 | D:9      | Found a snail-covered altar of Cheibriados.
 12358 | D:9      | Reached * piety under Okawaru
 12358 | D:9      | Reached XP level 11. HP: 71/95 MP: 13/16
 12359 | D:9      | Reached skill level 1 in Armour
 12370 | D:9      | Reached skill level 11 in Unarmed Combat
 12738 | D:9      | Found a roughly hewn altar of Beogh.
 12873 | D:10     | Entered Level 10 of the Dungeon
 12927 | D:10     | Found Kowetuf's Jewellery Shop.
 13113 | D:10     | Killed an unseen horror
 13429 | D:10     | Reached ** piety under Okawaru
 13520 | D:10     | Noticed a two-headed ogre
 13538 | D:10     | Noticed Sonja
 13544 | D:10     | Killed a two-headed ogre
 13563 | D:10     | Killed Sonja
 13563 | D:10     | Reached *** piety under Okawaru
 14020 | D:10     | Noticed a two-headed ogre
 14031 | D:10     | Killed a two-headed ogre
 14209 | D:10     | Reached **** piety under Okawaru
 14560 | D:11     | Got a smelly scale mail
 14578 | D:10     | Identified the +1 scale mail of the Journeyman {-Tele
                  | Int+7} (You found it on level 11 of the Dungeon)
 14800 | D:11     | Noticed a two-headed ogre
 14814 | D:11     | Killed a two-headed ogre
 14814 | D:11     | Reached skill level 12 in Unarmed Combat
 15126 | D:11     | Reached skill level 5 in Spellcasting
 15141 | D:11     | Noticed Mimor's ghost (journeyman GnWn)
 15183 | D:11     | Noticed a white ugly thing
 15186 | D:11     | Found a staircase to the Lair.
 15205 | D:11     | Slain by a white ugly thing

Illustrated notes

Levels and vault maps discovered:
D:1:      lightli_arrival_windingriver, layout_rooms
D:2:      layout_basic, lemuel_doored_altar
D:3:      layout_loops_cross, lemuel_coloured_pillars_altar,
          ebering_ghost_sewer_f, uniq_natasha
D:4:      minmay_polygon_palace, layout_basic, kennysheep_mini,
          lemuel_zombie_altar_yredelemnul, first_ration, serial_shops,
          nicolae_shop_overgrown_old_shop, shop, shop, nicolae_shop_stone, shop,
          uniq_sigmund
D:5:      cheibrodos_fertilizer, layout_gridville, overflow_temple_1_default,
          serial_shops, shop, shop, shop_statue, nicolae_shop_trees, shop,
          uniq_eustachio
D:6:      cheibrodos_fzero, layout_gridville
D:7:      layout_basic, lemuel_temple_firewalk_a, the_bakery, minivault_26
D:8:      layout_loops_ring, led_sif_pool, kennysheep_mini_moat,
          gammafunk_temple_overflow_statue, nemelex_xobeh_ov_fountains_minmay,
          serial_shops, shop, shop, kennysheep_boxes, uniq_erica, uniq_grum,
          uniq_joseph
D:9:      layout_irregular_city, slow_altar_2, david_defended_altar_orc,
          uniq_maggie
D:10:     layout_small_grid, special_room [special_room_bee], serial_shops,
          nicolae_shop_statue_plus, uniq_sonja
D:11:     layout_cave_pools, david_lair_shrubbed, orc_0_dummy,
          gammafunk_ghost_stat_death
Temple:   jpeg_temple_clearing

Skill      XL: |  1  2  3  4  5  6  7  8  9 10 11 |
---------------+----------------------------------+-----
Fighting       | 2 3 4 5 7 8 9 |  9.7
Unarmed Combat | 4 5 6 8 9 10 12 | 12.1
Transmutations | 2 3 4 5 6 7 |  7.0
Dodging        | 3 4 5 6 8 9 |  9.1
Spellcasting   | 2 3 4 5 |  5.0
Poison Magic   | 1 2 |  2.0
Armour         | 4 |  4.2

Action                   |  1- 3 |  4- 6 |  7- 9 | 10-12 || total
-------------------------+-------+-------+-------+-------++-------
Melee: Unarmed           |    88 |    83 |   355 |   466 ||   992
       Kick              |    11 |    13 |    23 |     1 ||    48
       Headbutt          |     9 |    10 |    18 |     3 ||    40
       Punch             |       |       |     1 |     2 ||     3
       Hunting sling     |       |       |       |     1 ||     1
 Fire: Hunting sling     |       |       |       |    53 ||    53
 Cast: Beastly Appendage |    30 |    21 |    16 |     6 ||    73
       Spider Form       |       |     4 |    35 |    62 ||   101
       Sticks to Snakes  |       |     1 |       |       ||     1
       Apportation       |       |       |       |     2 ||     2
Invok: Heroism           |       |       |       |     2 ||     2
  Use: Potion            |       |     1 |       |     1 ||     2
       Scroll            |       |     4 |     3 |     7 ||    14
 Stab: Distracted        |       |       |     1 |     2 ||     3
  Eat: Chunk             |     4 |     8 |    14 |    26 ||    52
       Ration            |       |       |     2 |     1 ||     3
Armor: Robe              |     8 |     7 |    20 |     5 ||    40
       Skin              |       |       |    25 |    29 ||    54
       Steam dragon scal |       |       |       |    15 ||    15
Dodge: Dodged            |    35 |    59 |   309 |   427 ||   830
Block: Other             |       |     4 |    76 |    91 ||   171
       Reflection        |       |       |     3 |     6 ||     9
